Map: Abyssal Reef LE

Players

Dark - Winner!

  • Race: Zerg Zerg
  • Spawn Location: 11:00

Kelazhur

  • Race: Terran Terran
  • Spawn Location: 5:00

Event: 2017 WCS Global Finals

VOD

Have the link to the VOD?

Description

Time

  • Played on: Oct. 28, 2017, 11:40 a.m.
  • Length: 16:00

All games in this series

Show
View Real Time Build Order
Export as new Build Order

Dark Zerg - Winner!

Build Orders: Hatch First 

Get SALT Encoding   

  12  0:01  Drone  
  13  0:12  Overlord  
  13  0:17  Drone  
  14  0:31  Drone x2  
  14  0:35  Drone  
  17  0:51  Hatchery  
  17  0:56  Drone  
  17  0:59  Drone  
  18  1:04  Extractor  
  17  1:15  Spawning Pool  
  17  1:17  Drone  
  17  1:20  Drone  
  18  1:29  Drone  
  19  1:39  Drone  
  20  1:49  Overlord  
  20  2:02  Queen  
  20  2:03  Queen  
  20  2:04  Zergling x4  
  20  2:07  Metabolic Boost  
  26  2:11  Drone  
  27  2:17  Drone  
  28  2:29  Spore Crawler  
  27  2:31  Drone  
  27  2:35  Drone x2  
  31  2:43  Drone, Hatchery  
  30  2:50  Queen  
  32  2:55  Overlord  
  32  2:58  Drone  
  33  3:05  Zergling x4  
  35  3:15  Drone x6  
  35  3:17  Drone  
  42  3:23  Overlord  
  42  3:31  Queen  
  44  3:42  Zergling x6  
  44  3:43  Zergling x4  
  49  3:52  Zergling x6  
  52  3:57  Baneling Nest  
  52  3:58  Drone  
  52  3:59  Drone  
  54  4:02  Drone  
  54  4:03  Drone x3  
  57  4:12  Drone  
  58  4:17  Overlord  
  58  4:18  Overlord  
  58  4:22  Overlord x2  
  57  4:24  Extractor  
  57  4:27  Queen  
  57  4:30  Overlord  
  56  4:32  Overlord  
  56  4:35  Lair  
  56  4:36  Drone x3  
  56  4:37  Drone x2  
  61  4:38  Drone  
  61  4:45  Spore Crawler  
  61  4:46  Baneling  
  61  4:47  Extractor, Baneling x2  
  61  4:51  Drone x3  
  63  4:54  Drone  
  63  4:55  Drone x3  
  67  5:03  Queen, Baneling x2  
  69  5:08  Drone  
  69  5:09  Drone  
  71  5:14  Overlord  
  71  5:15  Spore Crawler  
  71  5:16  Drone x2  
  71  5:20  Drone x2  
  71  5:21  Drone  
  75  5:22  Drone x3  
  78  5:31  Evolution Chamber, Drone x2  
  78  5:32  Evolution Chamber  
  78  5:34  Drone x3  
  81  5:35  Drone  
  81  5:39  Overseer  
  81  5:41  Drone x2  
  84  5:46  Extractor x2, Drone x2  
  84  5:47  Drone x3  
  84  5:48  Drone  
  84  5:49  Drone  
  87  5:54  Drone x3  
  90  5:58  Zerg Melee Weapons Level 1  
  90  5:59  Zerg Ground Armor Level 1  
  90  6:08  Hydralisk Den, Hatchery  
  88  6:19  Hatchery  
  88  6:20  Zergling x2  
  88  6:21  Zergling x12  
  94  6:31  Centrifical Hooks  
  94  6:37  Zergling x6  
  97  6:41  Muscular Augments  
  97  6:42  Overlord x2  
  97  6:43  Overlord x3  
  97  6:44  Overlord  
  97  6:47  Spore Crawler, Drone  
  97  7:02  Drone  
  97  7:03  Drone x8  
  97  7:04  Baneling x3  
  106  7:11  Overlord  
  106  7:12  Baneling x4  
  106  7:13  Hydralisk x6  
  118  7:17  Hydralisk  
  120  7:23  Extractor  
  120  7:25  Hydralisk x4  
  127  7:34  Hydralisk  
  127  7:35  Hydralisk x2  
  129  7:44  Hydralisk x2  
  129  7:45  Hydralisk x2  
  137  7:52  Zerg Melee Weapons Level 2  
  137  7:55  Zergling x26  
  150  8:02  Zergling x4  
  152  8:06  Hatchery  
  152  8:08  Zerg Ground Armor Level 2, Drone x3  
  152  8:09  Overlord  
  154  8:13  Zergling x2  
  154  8:14  Zergling x8  
  158  8:24  Zergling x14  
  163  8:38  Overlord x3  
  159  8:42  Infestation Pit, Zergling x14  
  159  8:43  Overlord x2  
  159  8:46  Overlord  
  159  8:47  Overlord  
  159  8:48  Overlord x2  
  162  8:50  Pneumatized Carapace  
  162  8:52  Zergling x6  
  163  8:59  Zergling x14  
  163  9:02  Spore Crawler  
  169  9:03  Drone x6  
  169  9:07  Overlord  
  175  9:12  Drone  
  176  9:19  Burrow, Hive  
  174  9:24  Zergling x18  
  174  9:25  Overlord, Zergling x6  
  185  9:35  Zergling x20  
  195  9:44  Hatchery  
  193  9:47  Baneling x7  
  193  9:56  Zergling x2  
  193  9:57  Zergling x12  
  199  10:04  Baneling x12  
  199  10:05  Baneling x12  
  199  10:06  Zergling x2  
  199  10:21  Zergling x2  
  199  10:22  Zergling x2  
  198  10:34  Adrenal Glands  
  185  10:36  Ultralisk Cavern  
  150  10:44  Zergling x42  
  150  10:45  Zergling x16  
  150  10:46  Zergling x2  
  150  10:47  Zergling x6  
  172  10:55  Zergling x4  
  170  11:03  Zerg Melee Weapons Level 3, Zerg Ground Armor Level 3  
  170  11:04  Hydralisk x7  
  155  11:07  Baneling, Drone x3  
  155  11:11  Baneling x7  
  170  11:12  Zergling x22  
  170  11:15  Baneling x3  
  181  11:19  Baneling  
  181  11:20  Zergling x12  
  181  11:21  Zergling x6  
  189  11:31  Ultralisk x2  
  189  11:32  Chitinous Plating  
  193  11:37  Drone x2  
  193  11:38  Drone x2  
  197  11:42  Zergling x4  
  199  11:56  Spore Crawler  
  199  11:58  Pathogen Glands  
  198  12:02  Drone x2  
  198  12:03  Extractor  
  198  12:04  Extractor, Drone  
  198  12:05  Hatchery  
  198  12:06  Drone  
  198  12:08  Baneling x11, Drone  
  199  12:11  Zergling x2  
  197  12:22  Viper  
  199  12:49  Spire  
  197  12:59  Baneling x4  
  197  13:04  Viper  
  197  13:16  Baneling  
  197  13:17  Baneling x7  
  197  13:22  Zergling x6  
  158  13:38  Zergling x26  
  158  13:39  Zergling x36  
  158  13:40  Ultralisk x2  
  158  13:41  Ultralisk, Hydralisk x5  
  176  13:43  Zergling x26  
  199  13:52  Baneling x2  
  199  13:53  Baneling x4  
  158  14:10  Ultralisk x2  
  158  14:11  Zergling x40  
  158  14:12  Zergling x4  
  161  14:17  Zergling x4  
  161  14:18  Zergling x2  
  161  14:20  Zergling x2  
  158  14:28  Ultralisk x2, Zergling x6  
  172  14:32  Hatchery  
  172  14:38  Ultralisk  
  174  14:39  Zergling x10  
  174  14:43  Baneling x3  
  174  14:44  Zergling x2  
  171  14:46  Zergling x2  
  171  14:47  Zergling x2  
  171  14:49  Zergling x4  
  164  14:53  Ultralisk  
  164  14:54  Ultralisk, Zergling x2  
  164  14:57  Zergling x4  
  162  15:04  Zergling x6  
  157  15:09  Drone  
  157  15:10  Drone x2  
  157  15:12  Corruptor x3, Zergling x6  
  169  15:15  Baneling x4  
  169  15:17  Baneling  
  169  15:19  Zergling x4  
  169  15:20  Zergling x2  
  172  15:22  Baneling x3  
  172  15:23  Zergling x2  
  172  15:24  Zergling x4  
  172  15:25  Zergling x4  
  172  15:26  Zergling x6  
  167  15:37  Zergling x12  
  167  15:38  Zergling x4  
  167  15:41  Zergling x2  
  167  15:42  Zergling x6  
Show
View Real Time Build Order
Export as new Build Order

Kelazhur Terran 

Build Orders: Reaper Expand, Hellion Banshee 

Get SALT Encoding   

  12  0:00  SCV  
  13  0:12  SCV  
  14  0:17  Supply Depot  
  14  0:25  SCV  
  15  0:39  SCV  
  15  0:41  Barracks  
  16  0:43  Refinery  
  16  0:51  SCV  
  17  1:03  SCV  
  18  1:15  SCV  
  19  1:27  Reaper, Orbital Command  
  20  1:40  Command Center  
  20  1:48  Supply Depot  
  20  1:53  SCV  
  21  1:57  Refinery  
  21  2:00  Reaper  
  22  2:05  SCV  
  23  2:17  SCV  
  23  2:20  Factory  
  24  2:29  SCV  
  25  2:33  Barracks Reactor  
  25  2:41  SCV  
  26  2:53  Orbital Command, SCV  
  27  3:05  SCV  
  27  3:06  Starport  
  27  3:12  Hellion x2  
  32  3:17  Barracks Tech Lab  
  32  3:18  SCV  
  32  3:19  SCV  
  34  3:20  Supply Depot  
  34  3:30  SCV  
  34  3:33  Hellion  
  34  3:34  Hellion  
  39  3:41  SCV  
  39  3:42  SCV  
  41  3:49  Supply Depot  
  41  3:53  Cloaking Field, Viking, SCV  
  41  3:54  SCV  
  45  3:56  Hellion  
  45  3:57  Hellion  
  49  4:05  SCV  
  49  4:06  SCV  
  50  4:18  SCV x2  
  50  4:22  Banshee  
  55  4:27  Supply Depot  
  55  4:30  SCV x2  
  55  4:36  Command Center  
  55  4:42  SCV x2, Barracks Tech Lab  
  57  4:46  Barracks  
  57  4:47  Barracks  
  57  4:50  Supply Depot  
  57  4:53  Factory Reactor  
  57  4:54  SCV  
  57  4:55  SCV  
  59  5:00  Refinery  
  59  5:01  Refinery  
  59  5:06  SCV  
  61  5:07  SCV  
  61  5:10  Banshee  
  64  5:15  Engineering Bay  
  64  5:16  Engineering Bay  
  64  5:18  SCV  
  64  5:19  SCV  
  64  5:21  Supply Depot  
  66  5:26  Marine  
  66  5:30  SCV  
  66  5:31  SCV  
  66  5:33  Marine  
  66  5:34  Marine  
  70  5:41  Factory Reactor  
  70  5:42  SCV, Terran Infantry Weapons Level 1, Terran Infantry Armor Level 1  
  71  5:43  SCV  
  71  5:44  Marine  
  71  5:48  Marine x2  
  75  5:50  Orbital Command  
  75  5:53  Marine x2  
  75  5:54  SCV  
  75  5:56  Combat Shields  
  78  6:00  Barracks  
  78  6:01  Barracks, Marine  
  79  6:08  SCV  
  79  6:09  Marine x2  
  82  6:11  SCV  
  82  6:12  Orbital Command  
  83  6:19  Marine x2  
  83  6:20  Supply Depot  
  83  6:22  SCV  
  86  6:26  SCV  
  86  6:27  Medivac x2  
  91  6:34  SCV  
  91  6:36  Marine x2  
  91  6:37  Marauder  
  91  6:38  SCV  
  91  6:39  SCV  
  98  6:44  Supply Depot  
  98  6:46  Supply Depot x2, SCV, Marine x2  
  101  6:48  Barracks Reactor, Armory  
  101  6:49  Barracks Reactor  
  101  6:51  SCV x2  
  103  6:57  Marine  
  103  6:58  SCV, Marine  
  103  6:59  Marauder  
  103  7:01  Medivac x2  
  109  7:05  SCV  
  109  7:06  Marine  
  109  7:07  Siege Tank  
  114  7:13  Supply Depot  
  114  7:15  Supply Depot, Marine  
  114  7:16  Marine  
  114  7:17  Stimpack  
  114  7:18  Marine  
  114  7:22  Marine  
  118  7:26  Marine x4  
  122  7:31  Medivac, Factory  
  122  7:32  Marine  
  122  7:33  Marine  
  126  7:40  Siege Tank  
  126  7:41  Marine  
  126  7:42  Terran Infantry Weapons Level 2, Terran Vehicle Weapons Level 1  
  117  7:44  SCV x3  
  117  7:49  Supply Depot  
  116  7:52  Supply Depot, Marine x2  
  116  7:54  Marine  
  116  7:55  Marine  
  116  7:56  SCV x3  
  116  7:57  Marine  
  116  7:58  Marauder  
  126  8:03  Terran Infantry Armor Level 2  
  126  8:08  SCV  
  126  8:10  SCV  
  126  8:12  Marine  
  129  8:13  Siege Tank  
  129  8:14  Marine  
  129  8:15  Marine x5  
  129  8:16  SCV  
  129  8:18  Factory Tech Lab  
  139  8:30  Marine  
  139  8:31  Medivac, Marauder  
  144  8:34  Supply Depot  
  144  8:36  Supply Depot  
  144  8:39  Siege Tank  
  144  8:40  Marine x2  
  129  8:41  Marine x5  
  129  8:43  Medivac  
  129  8:48  Marine  
  137  8:51  Supply Depot  
  137  8:52  Marine  
  137  8:53  SCV x3  
  137  8:54  Refinery x2  
  140  8:58  Marine x2  
  139  9:04  Siege Tank  
  139  9:06  Marine  
  139  9:08  Marine x5  
  148  9:10  Marauder  
  148  9:15  Marine  
  151  9:18  Concussive Shells  
  151  9:23  Command Center  
  151  9:28  Marine x6  
  151  9:29  Marine  
  157  9:34  SCV x3  
  160  9:42  Marauder  
  160  9:44  Siege Tank x2  
  168  9:45  Terran Vehicle Weapons Level 2  
  168  9:52  Marine x7  
  174  9:53  Marine  
  174  9:59  Terran Infantry Weapons Level 3  
  176  10:06  Marauder  
  178  10:09  Marine  
  178  10:10  Marine x3  
  178  10:11  Medivac x2  
  186  10:18  Marine  
  187  10:26  Unknown x2  
  187  10:27  Marauder  
  187  10:28  Supply Depot  
  189  10:29  Siege Tank, Marine  
  189  10:32  Terran Infantry Armor Level 3, Unknown x2  
  189  10:39  Liberator  
  128  10:43  Marine  
  128  10:44  Marine x6, Siege Tank  
  128  10:47  Marine  
  128  10:49  Marauder  
  115  11:00  Marine  
  115  11:01  Siege Tank  
  115  11:02  Marine x2  
  116  11:12  SCV x3  
  119  11:20  Marine  
  119  11:21  Marine x6  
  119  11:23  Marauder  
  128  11:28  Marine  
  128  11:30  Siege Tank  
  131  11:34  Siege Tank  
  131  11:38  Marine x5  
  131  11:39  Medivac  
  141  11:40  Medivac  
  141  11:42  Marine  
  141  11:43  Marine x2  
  146  11:49  Planetary Fortress, Marine  
  147  11:56  Marine  
  147  11:58  Marine x4  
  147  12:00  SCV x3, Marine  
  147  12:01  Marine  
  157  12:02  Marauder, Siege Tank  
  157  12:03  Liberator  
  157  12:05  Liberator  
  157  12:06  Siege Tank, Marine  
  166  12:14  Marine  
  167  12:19  Barracks  
  167  12:21  Barracks  
  167  12:22  Barracks  
  170  12:23  Marauder  
  175  12:32  Marine  
  175  12:33  Marine x4  
  180  12:42  Missile Turret  
  180  12:43  Marine  
  181  12:45  Marauder, Siege Tank  
  181  12:47  Siege Tank  
  189  12:52  Liberator x2, Marine  
  187  13:06  Marauder  
  187  13:10  Marine  
  196  13:17  Marine  
  197  13:24  Terran Ship Weapons Level 1  
  197  13:27  Marauder, Barracks Tech Lab x2  
  168  13:35  Liberator  
  168  13:38  Siege Tank  
  150  13:44  Siege Tank  
  153  13:49  Marauder  
  153  13:52  Marauder, Marine  
  153  13:55  SCV x3  
  164  13:57  Liberator  
  164  14:07  SCV x2  
  164  14:08  Marauder  
  145  14:10  Marauder  
  145  14:14  Marine x2, Siege Tank  
  145  14:15  Marine x4  
  116  14:17  Marine  
  116  14:30  Marauder x2, Marine  
  116  14:31  Marauder, Marine  
  119  14:32  Marine x3  
  119  14:37  Medivac  
  124  14:41  Siege Tank  
  119  14:51  Marine  
  100  14:53  Marine x2  
  88  15:07  Medivac x2  
  90  15:12  Marauder, Marine x2  
  96  15:16  Siege Tank  
  99  15:22  Siege Tank  
  102  15:33  Marauder  
Tags
 
Add a new tag
Caveats
  • Supply blocks, unpowered buildings, or Contaminate may cause inaccurate times.
  • Supply counts are checked every 10 seconds.